 Dungeon Crawl Stone Soup version 0.24.1-8-ga250c9d538 (webtiles) character file.

Game seed: 7142215197100059347, levelgen mode: deterministic

184 Hugehornet the Chopper (level 5, 0/47 HPs)
             Began as a Hill Orc Fighter on Apr 28, 2020.
             Was an Initiate of Beogh.
             Slain by a killer bee (4 damage)
             ... on level 3 of the Dungeon.
             The game lasted 00:05:02 (2423 turns).

Hugehornet the Chopper (Hill Orc Fighter)           Turns: 2423, Time: 00:05:02

Health: 0/47       AC:  9    Str: 25    XL:     5   Next: 63%
Magic:  5/5        EV:  6    Int:  8    God:    Beogh [......]
Gold:   110        SH: 10    Dex: 10    Spells: 4/4 levels left

rFire    . . .     SeeInvis .   a - +0 war axe
rCold    . . .     Gourm    .   c - +0 shield
rNeg     . . .     Faith    .   m - +0 chain mail (curse)
rPois    .         Spirit   .   (no helmet)
rElec    .         Reflect  .   (no cloak)
rCorr    .         Harm     .   (no gloves)
MR       .....                  (no boots)
Stlth    ..........             (no amulet)
HPRegen  0.15/turn              (no ring)
MPRegen  0.09/turn              (no ring)

@: mighty, lethally poisoned (0 -> -7)
A: no striking features
a: Renounce Religion


You were on level 3 of the Dungeon.
You worshipped Beogh.
Beogh was noncommittal.
You were not hungry.

You visited 1 branch of the dungeon, and saw 3 of its levels.

You collected 110 gold pieces.

Inventory:

Hand Weapons
 a - a +0 war axe (weapon)
Armour
 b - a +0 scale mail
 c - a +0 shield (worn)
 m - a cursed +0 chain mail (worn)
Scrolls
 e - a scroll of amnesia {unknown}
 g - 2 scrolls of remove curse {unknown}
 h - 2 scrolls of identify {unknown}
 k - a scroll of immolation {unknown}
 n - a scroll of enchant armour {unknown}
 o - a scroll of enchant weapon {unknown}
 p - a scroll of magic mapping {unknown}
 r - a scroll of fog {unknown}
Potions
 i - a potion of lignification {unknown}
 l - 2 potions of ambrosia
 q - a potion of flight {unknown}
Comestibles
 f - 2 rations
 s - 10 chunks of flesh


   Skills:
 + Level 4.5 Fighting
 * Level 4.7 Axes
 * Level 4.5 Armour
 - Level 0.1 Dodging
 + Level 4.1 Shields
 - Level 0.2 Unarmed Combat


You had 4 spell levels left.
You didn't know any spells.
Your spell library was empty.

Dungeon Overview and Level Annotations

Branches:
Dungeon (3/15)

Altars:


Message History

The killer bee barely misses you.
You see here 2 grey potions.
You slash the killer bee!
You kill the killer bee!
Beogh accepts your kill.
An orc comes into view.
The killer bee stings you but does no damage. x2
The orc moves out of view.
You closely miss the killer bee. You miss the killer bee.
The killer bee stings you but does no damage.
The killer bee stings you.
* * * LOW HITPOINT WARNING * * *
You are lethally poisoned!
The killer bee poisons you!
The killer bee stings you but does no damage.
The killer bee barely misses you.
An adder comes into view.
The killer bee stings you but does no damage.
The killer bee stings you.
You die...

#### ...$
..... ....
###...
.....S###
#..oo# # #y###
.### #y@.####
#...# ###....#
...(.
####.##.<....
###.÷#......
##...........
##..##÷#......
#..###...#####
##.## ###....
###..# #####


You could see 2 killer bees, an adder (wandering) and 2 orcs.

Vanquished Creatures
  A killer bee (D:3)
  An iguana (D:2)
  6 adders
  3 worms
  3 dart slugs (D:1)
  2 leopard geckos (D:2)
  A giant cockroach (D:1)
  6 goblins
  3 hobgoblins
  9 jackals
  A kobold (D:2)
  2 quokkas
  A ball python (D:1)
  2 bats
  A frilled lizard (D:1)
  8 rats
50 creatures vanquished.

Vanquished Creatures (others)
  An orc priest (D:3)
  An adder (D:3)
  3 orcs (D:3)
5 creatures vanquished.

Grand Total: 55 creatures vanquished

Notes
Turn   | Place    | Note
-------+----------+-------------------------------------------
     0 | D:1      | Hugehornet the Hill Orc Fighter began the quest for the
                  | Orb.
     0 | D:1      | Reached XP level 1. HP: 19/19 MP: 1/1
   128 | D:1      | Reached XP level 2. HP: 27/27 MP: 2/2
  1213 | D:2      | Reached XP level 3. HP: 14/33 MP: 3/3
  1665 | D:2      | Reached XP level 4. HP: 32/40 MP: 4/4
  2270 | D:2      | Reached XP level 5. HP: 47/47 MP: 5/5
  2371 | D:3      | Became a worshipper of Beogh the Brigand
  2423 | D:3      | Slain by a killer bee

Levels and vault maps discovered:
D:1:      onia_arrival_larder, layout_basic, serial_forest,
          infiniplex_forest_corner_1, infiniplex_forest_lined_2,
          infiniplex_forest_clump_long, infiniplex_forest_clump_curved,
          infiniplex_forest_clump_double, infiniplex_forest_straight_4,
          infiniplex_forest_corner_1, infiniplex_forest_clump_diagonal,
          chequers_garden
D:2:      layout_basic
D:3:      layout_rooms, first_ration, serial_bayou_pond_a

Skill      XL: |  1  2  3  4  5 |
---------------+----------------+-----
Axes           | 3 4 |  4.7
Fighting       | 4 |  4.5
Armour         | 4 |  4.5
Shields        | 4 |  4.1
Dodging        | |  0.1
Unarmed Combat | |  0.2

Action                   |  1- 3 |  4- 6 || total
-------------------------+-------+-------++-------
Melee: War axe           |   101 |   110 ||   211
Invok: Convert to Beogh  |       |     1 ||     1
  Use: Potion            |       |     4 ||     4
  Eat: Chunk             |     2 |     3 ||     5
Armor: Scale mail        |    30 |       ||    30
       Chain mail        |    21 |    88 ||   109
Dodge: Dodged            |    23 |    29 ||    52
Block: Shield            |    51 |    68 ||   119
